groovejumper, neutral female human Wizard ------ ------ |<|..| |....| ------ ----------- ##-....| |....| #......# |.......^.-######|....| |....-#######|....|# )@.........| # --.--- |....| |....|# ##K----|------ # # ---|-- |....|# ----- # # # # # |....|# |....#### # # # ### ------# |...| ### # # # ### |.... # # # ### # ------ |...| ## # # ---|---- ###|....| |.>.| -.-------------# ## #-......| #+....| |...| |.............|# -.--- |......| |....| ----- |.............|# |...| |......| ------ |.............|# |...| #.......| |.............|# |`..-#######-------- |..............# |...| --------------- |...| ----- groovejumper the Conjurer Experience level: 3 Strength: 10 Dexterity: 14 Constitution: 16 Intelligence: 18 Wisdom: 8 Charisma: 9 Health: 0(24) Energy: 23(24) AC: 9 Gold: 0 Moves: 811 Your Inventory: Amulets u - an [uncursed] concave amulet [of ESP] v - an [uncursed] pyramidal amulet [of magical breathing] Weapons a - a blessed +1 quarterstaff (weapon in hands) Armor b - an uncursed +0 cloak of magic resistance (being worn) Scrolls i - an uncursed scroll of create monster j - an uncursed scroll of remove curse k - an uncursed scroll of stinking cloud q - an [uncursed] scroll labeled PRATYAVAYAH [of enchant armor] Spellbooks l - a blessed spellbook of force bolt m - an uncursed spellbook of charm monster Potions f - an uncursed potion of speed g - an uncursed clear potion [of water] h - a blessed potion of invisibility p - an [uncursed] potion of oil Rings d - an uncursed ring of poison resistance e - a blessed +1 ring of gain constitution r - an [uncursed +2] ring of gain constitution s - an [uncursed +1] obsidian ring [of adornment] t - an [uncursed] amber ring [of free action] w - a [cursed] quartz ring [of stealth] x - an [uncursed +1] platinum ring [of gain intelligence] y - an [uncursed] amber ring [of free action] z - a [cursed] ridged ring [of teleportation] Wands c - an uncursed wand of teleportation (0:3) Gems n - an [uncursed] black gem [jet] Spells known in the end: Name Level Category Fail Memory a - force bolt 1 attack 0% [||||||||] b - charm monster 3 enchantment 0% [||||||||] Your skills at the end: Fighting Skills Weapon Skills quarterstaff [Basic / Expert] Spellcasting Skills attack spells [Basic / Expert] enchantment spells [Basic / Skilled] Final Attributes: You were devoutly aligned. Hunger level was 128. Your alignment was 14 / 14. Monster difficulty range was 0 - 2. Level difficulty was 2. You were magic-protected. Your luck was zero. You are dead. Vanquished creatures: an acid blob a red mold a Keystone Kop a gnome zombie a gecko 5 jackals 2 grid bugs a lichen a newt 14 creatures vanquished. Voluntary challenges: You were an atheist. You were illiterate. You used a wielded weapon 15 times. You put on armor 1 time. You never genocided any monsters. You never polymorphed an object. You never changed form. You used no wishes. You never wrote Elbereth's name. You never encountered a bones level. You never used any Sokoban shortcuts. Dungeon overview: The Dungeons of Doom: levels 1 to 2 Level 1 a fountain a long staircase Level 2 <- You were here a jewelry store a magic portal History has recorded: On T:1 you entered the Dungeons of Doom to retrieve the Amulet of Yendor! On T:381 you reached level 2 of The Dungeons of Doom. On T:452 you advanced to experience level 2. On T:725 you advanced to experience level 3. Latest messages: Boing! Kinsky zaps a zinc wand! Boing! You are beginning to feel hungry. Your surroundings suddenly seem different. You hit the Keystone Kop. The Keystone Kop swings his club. The Keystone Kop hits! [HP-3=21] You kill the Keystone Kop! [HP+1=22] You see here a club. The Kop Sergeant swings his club. The Kop Sergeant hits! The Keystone Kop hits! [HP-15=7] The Kop Sergeant swings his club. The Kop Sergeant hits! You die... Kinsky comes and takes all your possessions. Final status: Goodbye groovejumper the Wizard... You died in The Dungeons of Doom on dungeon level 2 with 278 points, and 0 pieces of gold, after 811 moves. You were level 3 with a maximum of 24 hit points when you died.